 Dungeon Crawl Stone Soup version 0.31.0-10-gcf4a605ca0 (webtiles) character file.

Game seed: 13839495218824999383

307 zenocrate the Sneak (level 6, -10/24 (30) HPs)
             Began as a Vine Stalker Enchanter on Jan 25, 2024.
             Mangled by a wight
             ... wielding a +3 morningstar
              (12 damage)
             ... on level 4 of the Dungeon.
             The game lasted 00:02:30 (1782 turns).

zenocrate the Sneak (Vine Stalker Enchanter)        Turns: 1782, Time: 00:02:31

HP:   -10/24 (30)   AC:  2    Str: 10    XL:     6   Next: 40%
MP:   0/10          EV: 13    Int: 15    God:
Gold: 84            SH:  0    Dex: 17    Spells: 1/9 levels left

rFire   . . .        b - +1 dagger (drain)
rCold   . . .        (no shield)
rNeg    . . .        j - +0 robe
rPois   .            (no helmet)
rElec   .            (no cloak)
rCorr   .            (no gloves)
SInv    .            (no boots)
Will    .....        (no amulet)
Stlth   +++          (no ring)
HPRegen 1.04/turn    (no ring)
MPRegen 0.12/turn

%: guardian spirit
@: heavily drained, invisible
A: fangs 2, regeneration 1, magic shield, antimagic bite, no potion heal 2
a: no special abilities


You were on level 4 of the Dungeon.
You visited 1 branch of the dungeon, and saw 4 of its levels.

You collected 84 gold pieces.

Inventory:

Hand Weapons
 a - a +1 dagger
 b - a +1 dagger of draining (weapon)
Armour
 j - a +0 robe (worn)
Wands
 t - a wand of iceblast (8)
Scrolls
 d - 2 scrolls of immolation {unknown}
 e - a scroll of torment {unknown}
 f - 2 scrolls of revelation
 i - a scroll of brand weapon {unknown}
 l - a scroll of fear {unknown}
 m - a scroll of teleportation {unknown}
 q - a scroll of enchant weapon {unknown}
Potions
 c - 2 potions of invisibility
 g - 2 potions of curing
 h - a potion of cancellation
 n - a potion of might
 o - a potion of berserk rage {unknown}
 p - a potion of heal wounds {unknown}
 s - a potion of lignification {unknown}


   Skills:
 - Level 1.5 Fighting
 * Level 2.9 Short Blades
 + Level 2.5 Dodging
 + Level 4.9 Stealth
 - Level 2.1 Spellcasting
 + Level 3.8 Hexes
 + Level 2.0 Ice Magic


You had one spell level left.
You knew the following spells:

 Your Spells              Type           Power      Damage    Failure   Level
a - Ensorcelled Hibernat  Hex/Ice        20%        N/A       10%         2
b - Confusing Touch       Hex            13%        N/A       13%         3
c - Tukima's Dance        Hex            13%        N/A       13%         3

Your spell library contained the following spells:

 Spells                   Type           Power      Damage    Failure   Level
 Dazzling Flash           Conj/Hex       14%        N/A       30%         3
 Scorch                   Fire           2%         2d5       32%         2
 Flame Wave               Conj/Fire      1%         2d4       91%         4
 Summon Cactus Giant      Summ           0%         N/A       100%        6


Dungeon Overview and Level Annotations

Branches:
Dungeon (4/15)
 Temple: D:4-7

Altars:

Annotations:
D:4 Robin


Innate Abilities, Weirdness & Mutations

You have extremely sharp teeth.
Your natural rate of healing is unusually fast.
When hurt, damage is shared between your health and your magic reserves.
Your bite disrupts and absorbs the magic of your enemies.
Potions cannot restore your health.


Message History

Unknown command.
You hit the wight but do no damage.
The wight is moderately damaged.
The wight misses you.
Unknown command.
You hit the wight. You punch the wight, but do no damage.
You bite the wight, but do no damage.
The wight is heavily damaged.
The wight hits the hobgoblin with a +3 morningstar!
The hobgoblin is killed!
Unknown command.
You hit the wight but do no damage. You bite the wight, but do no damage.
The wight is moderately damaged.
Unknown command.
You barely miss the wight. You bite the wight, but do no damage.
The wight is moderately damaged.
The wight seems less confused.
The wight barely misses you.
Unknown command.
You closely miss the wight.
The wight is moderately damaged.
The wight hits you with a +3 morningstar!
* * * LOW HITPOINT WARNING * * *
You feel drained.
Unknown command.
Unknown command.
Casting: Confusing Touch (quite dangerous; 13% risk of failure)
Confirm with . or Enter, or press ? or * to list all spells.
You don't have enough magic to cast this spell.
Unknown command.
The wight attacks as it pursues you!
The wight hits you with a +3 morningstar!
* * * LOW HITPOINT WARNING * * *
You feel drained.
* * * LOW HITPOINT WARNING * * *
Unknown command.
Okay, then.
You fade into invisibility!
The wight hits you with a +3 morningstar!
Ouch! That really hurt!
You die... .Bo

... #g# ... .gf#.##
#.#.. #.fg# #)# #.##
..# #z# #.. ... #z#
###.# ...
#@###.#.##..
######.##....#.# #
...............##.##.
.....................
#######....!...##.#
####....<...#
##.#.##.#.# ###.# .#
#.# #


You could see a sleepcap (unable to see you), 2 wights and a hobgoblin (strong,
unable to see you).

Vanquished Creatures
  An ogre (D:3)
  A centaur (D:3)
  A hound (D:3)
  An orc wizard (D:3)
  3 adders
  2 dart slugs
  A ribbon worm (D:3)
  4 orcs (D:3)
  4 endoplasms
  2 giant cockroaches
  8 goblins
  8 hobgoblins
  5 kobolds
  4 ball pythons
  A bat (D:3)
  4 frilled lizards
  2 rats
52 creatures vanquished.

Notes
Turn   | Place    | Note
-------+----------+-------------------------------------------
     0 | D:1      | zenocrate the Vine Stalker Enchanter began the quest for
                  | the Orb.
     0 | D:1      | Reached XP level 1. HP: 9/9 MP: 4/4
   108 | D:1      | Reached skill level 1 in Short Blades
   317 | D:1      | Reached XP level 2. HP: 13/13 MP: 6/6
   320 | D:1      | Learned a level 2 spell: Ensorcelled Hibernation
   720 | D:2      | Reached skill level 4 in Stealth
   881 | D:2      | Reached XP level 3. HP: 16/17 MP: 5/7
   885 | D:2      | Learned a level 3 spell: Confusing Touch
  1044 | D:3      | Noticed an ogre
  1051 | D:3      | Killed an ogre
  1052 | D:3      | Reached skill level 1 in Fighting
  1052 | D:3      | Reached skill level 1 in Ice Magic
  1052 | D:3      | Reached XP level 4. HP: 22/22 MP: 8/8
  1052 | D:3      | Reached XP level 5. HP: 25/25 MP: 9/9
  1605 | D:3      | Noticed a centaur
  1613 | D:3      | Killed a centaur
  1614 | D:3      | Reached XP level 6. HP: 30/30 MP: 10/10
  1618 | D:3      | Learned a level 3 spell: Tukima's Dance
  1748 | D:4      | Noticed Robin
  1781 | D:4      | HP: 1/24 [wight/+3 morningstar (3)]
  1782 | D:4      | Mangled by a wight

Illustrated notes

Levels and vault maps discovered:
D:1:      spicycebolla_arrival_ecumenical, layout_loops_ring
D:2:      layout_rooms
D:3:      layout_basic
D:4:      layout_loops_ring, minmay_temple_entry_gardened_gates,
          minmay_starry_boxes, uniq_crazy_yiuf_cottage, uniq_edmund, uniq_robin,
          uniq_menkaure

Skill      XL: |  1  2  3  4  5  6 |
---------------+-------------------+-----
Short Blades   | 1 2 |  2.9
Stealth        | 4 |  4.9
Fighting       | 1 |  1.5
Dodging        | 2 |  2.5
Ice Magic      | 1 2 |  2.0
Spellcasting   | |  2.1
Hexes          | |  3.8

Action                     |  1- 3 |  4- 6 || total
---------------------------+-------+-------++-------
  Melee: Dagger            |    46 |    96 ||   142
         Bite              |    11 |    24 ||    35
         Punch             |     1 |     1 ||     2
   Cast: Ensorcelled Hiber |     1 |    10 ||    11
         Confusing Touch   |       |     1 ||     1
    Use: Scroll            |     1 |     4 ||     5
         Potion            |       |     1 ||     1
   Stab: Sleeping          |     7 |    14 ||    21
 Armour: Robe              |    12 |    38 ||    50
  Dodge: Dodged            |    20 |    57 ||    77
